 Dungeon Crawl Stone Soup version 0.15-a0-2123-gb18dd36 (webtiles) character file.

1108 Bloaxor the Bolt Thrower (level 8, -3/66 HPs)
             Began as a Minotaur Hunter on July 16, 2014.
             Was a Believer of Cheibriados.
             Killed from afar by an electric eel (9 damage)
             ... with a bolt of electricity
             ... on Level 6 of the Dungeon.
             The game lasted 00:11:50 (4648 turns).

Bloaxor the Bolt Thrower (Minotaur Hunter)          Turns: 4648, Time: 00:11:50

HP  -3/66        AC 15     Str 22      XL: 8   Next: 11%
MP   3/3         EV  6     Int 12      God: Cheibriados [**....]
Gold 277         SH  0     Dex 16      Spells:  0 memorised,  7 levels left

rFire  . . .     SeeInvis +     b - +2 hand crossbow
rCold  . . .     Clarity  .     g - +0 plate armour
rNeg   . . .     rCorr    .     (no shield)
rPois  .         rRot     .     (helmet restricted)
rElec  .         Spirit   .     y - +2 cloak
SustAb .         Warding  .     (no gloves)
rMut   .         Stasis   .     (no boots)
Gourm  .                        (no amulet)
MR     .....                    (no ring)
                                C - ring of see invisible

@: very slow, not resistant to hostile enchantments, extremely unstealthy
A: retaliatory headbutt, horns 2
a: Bend Time, Renounce Religion


You were on level 6 of the Dungeon.
You worshipped Cheibriados.
Cheibriados was pleased with you.
You were hungry.

You visited 1 branch of the dungeon, and saw 6 of its levels.

You collected 277 gold pieces.


Innate Abilities, Weirdness & Mutations

You reflexively headbutt those who attack you in melee.
You have a pair of horns on your head.


   Skills:
 + Level 3.9 Fighting
 + Level 5.3 Axes
 + Level 7.9 Crossbows
 - Level 5.6 Armour
 - Level 2.1 Dodging
 - Level 0.7 Stealth


You had 7 spell levels left.
You didn't know any spells.

Dungeon Overview and Level Annotations

Branches:
Dungeon (6/15)             Temple (0/1) D:6

Altars:
Cheibriados
Dithmenos
Elyvilon
Fedhas
Okawaru
Xom
The Shining One

Inventory:

Hand weapons
 b - a +2 hand crossbow (weapon)
 m - a +4 war axe of chopping
   (You found it on level 6 of the Dungeon)
Missiles
 c - 37 bolts (quivered)
 F - 20 steel bolts
Armour
 g - a +0 plate armour (worn)
   (You found it on level 2 of the Dungeon)
 y - a +2 cloak (worn)
   (You found it on level 6 of the Dungeon)
Magical devices
 l - a wand of enslavement (23)
   (You found it on level 2 of the Dungeon)
 A - a wand of confusion (7)
   (You found it on level 5 of the Dungeon)
Comestibles
 f - 4 bread rations
 s - 2 meat rations
Scrolls
 d - a scroll of magic mapping
 e - 4 scrolls of remove curse
 i - a scroll of teleportation
 j - a scroll of noise {unknown}
 p - a scroll of recharging
 r - 2 scrolls of enchant armour {unknown}
 v - 2 scrolls of amnesia {unknown}
 z - a scroll of identify
 B - a scroll of fear {unknown}
 D - a scroll of immolation {unknown}
Jewellery
 a - an uncursed ring of fire
   (You found it on level 1 of the Dungeon)
 C - a ring of see invisible (left hand)
   (You found it on level 6 of the Dungeon)
Potions
 h - 3 potions of curing
 k - a potion of invisibility {unknown}
 n - a potion of restore abilities {unknown}
 o - a potion of resistance {unknown}
 q - a potion of might
 t - a potion of poison {unknown}
 u - a potion of brilliance
 w - 2 potions of agility
 x - a potion of flight {unknown}
 E - a potion of heal wounds {unknown}

............)....#.# #........##.
..#....%....)..#..####...####.##.
.###.#.######..#.........# #.##.
.##..#.# #..####..#...# #....
.##.##.# #..# ##.#...# #..#.
########## #### ####### ####.
##P.P.~### ###~~~;~(~~ #..
###....~~~~## ##~~~~~((~~~ #..
##.P..~~~~#.####@#~~~~~~~~~ #..
#PP..~######....######~~~~ #..
#....~~~~# #....# ~~~ #..
#....~~~~# #....# ~ #..
#.PP~~######....# #..
#P.~~~~~~~###''## #..
#...~~~~~~~##..# #..
##.P.~~~~#####'### #..
##..P~~~##~%.....### #..


You could see an electric eel.


Message History

You are feeling hungry.
You start resting.
HP restored.
Eat which item? (? for menu, Esc to quit)
Okay, then.
Wield which item (- for none, * to show all)? (? for menu, Esc to quit)
b - a +2 hand crossbow (weapon)
What do you say? t - Shout!
Orders for allies: a - Attack new target. r - Retreat! s - Stop attacking. w - Wait here. f - Follow me.
Anything else - Stay silent.
You shout for attention!
You enter the shallow water.
Moving in this stuff is going to be slow.
The electric eel shoots out a bolt of electricity!
The bolt of electricity hits you!
Unknown command.
Firing (i - inventory. (,) - cycle):
c - 41 bolts (quivered)
Aim: an electric eel You shoot a bolt.
The bolt closely misses the electric eel.
You hear a splash.
Firing (i - inventory. (,) - cycle):
c - 40 bolts (quivered)
Aim: an electric eel You shoot a bolt.
The bolt hits the electric eel but does no damage.
You hear a splash.
The electric eel shoots out a bolt of electricity!
The bolt of electricity hits you! x2
Firing (i - inventory. (,) - cycle):
c - 39 bolts (quivered)
Aim: an electric eel You shoot a bolt.
The bolt closely misses the electric eel.
Firing (i - inventory. (,) - cycle):
c - 38 bolts (quivered)
Aim: an electric eel You shoot a bolt.
The bolt hits the electric eel.
The electric eel is heavily wounded.
You hear a splash.
The electric eel shoots out a bolt of electricity!
The bolt of electricity hits you!
* * * LOW HITPOINT WARNING * * *
The bolt of electricity hits you!
* * * LOW HITPOINT WARNING * * *
Unknown command.
Unknown command.
Read which item? (? for menu, Esc to quit)
Okay, then.
The electric eel shoots out a bolt of electricity!
The bolt of electricity hits you!
* * * LOW HITPOINT WARNING * * *
The bolt of electricity hits you!
* * * LOW HITPOINT WARNING * * *
Unknown command.
Unknown command.
Unknown command.
Drink which item? (? for menu, Esc to quit)
You feel better.
The electric eel shoots out a bolt of electricity!
The bolt of electricity hits you!
* * * LOW HITPOINT WARNING * * *
The bolt of electricity misses you.
Drink which item? (? for menu, Esc to quit)
You feel better.
The electric eel shoots out a bolt of electricity!
The bolt of electricity hits you!
* * * LOW HITPOINT WARNING * * *
The bolt of electricity hits you!
You die...

Action                   |  1- 3 |  4- 6 |  7- 9 || total
-------------------------+-------+-------+-------++-------
Melee: Short sword       |    19 |       |       ||    19
       Hand axe          |    77 |    80 |     3 ||   160
       Unarmed           |     4 |     7 |    18 ||    29
       Hand crossbow     |       |    20 |       ||    20
       War axe           |       |       |    34 ||    34
 Fire: Hand crossbow     |     5 |    58 |    79 ||   142
Evoke: Wand              |       |     1 |     1 ||     2
  Use: Scroll            |     1 |     4 |     7 ||    12
       Potion            |       |       |     2 ||     2
  Eat: Fruit             |     2 |       |       ||     2
       Bread ration      |     1 |       |       ||     1
       Chunk             |       |     5 |     3 ||     8
       Meat ration       |       |     1 |       ||     1

Vault maps used:
D:1:      dpeg_arrival_orchard, minmay_misc_feat_plants
D:2:      first_bread, amethyst_srp_altar
D:3:      serial_forest, infiniplex_forest_end_2,
          infiniplex_forest_lined_room_2, infiniplex_forest_corner_1,
          infiniplex_forest_end_double, infiniplex_forest_end_1
D:4:      nicolae_overflow_quartered_altars, lemuel_crystal_altar
D:5:      eino_small_chamber_without_monster
D:6:      wad_lake_hut, lemuel_doored_altar, minmay_temple_entry_large_hall

Notes
Turn   | Place    | Note
--------------------------------------------------------------
     0 | D:1      | Bloaxor, the Minotaur Hunter, began the quest for the Orb.
     0 | D:1      | Reached XP level 1. HP: 16/16 MP: 1/1
   322 | D:1      | HP: 4/16 [jackal (1)]
   326 | D:1      | Reached XP level 2. HP: 4/23 MP: 1/1
   452 | D:1      | Reached skill level 5 in Crossbows
   695 | D:2      | Found a shadowy altar of Dithmenos.
   943 | D:2      | Reached skill level 1 in Armour
   943 | D:2      | Reached XP level 3. HP: 17/28 MP: 2/2
  1229 | D:2      | Reached skill level 1 in Axes
  1392 | D:3      | Reached skill level 2 in Armour
  1527 | D:3      | Reached XP level 4. HP: 35/35 MP: 2/2
  1554 | D:3      | Reached skill level 2 in Axes
  2022 | D:4      | Reached skill level 3 in Armour
  2052 | D:4      | Reached XP level 5. HP: 35/40 MP: 2/2
  2119 | D:4      | Found a blossoming altar of Fedhas.
  2119 | D:4      | Found an iron altar of Okawaru.
  2120 | D:4      | Found a glowing golden altar of the Shining One.
  2149 | D:4      | Found a shimmering altar of Xom.
  2210 | D:4      | Reached skill level 2 in Fighting
  2249 | D:4      | Noticed hackum's ghost (average DgFi)
  2267 | D:4      | Killed hackum's ghost
  2267 | D:4      | Reached skill level 6 in Crossbows
  2267 | D:4      | Reached XP level 6. HP: 24/48 MP: 3/3
  2570 | D:4      | Found a snail-covered altar of Cheibriados.
  2578 | D:4      | Became a worshipper of Cheibriados the Contemplative
  2715 | D:5      | Entered Level 5 of the Dungeon
  2768 | D:5      | Reached skill level 3 in Axes
  2768 | D:5      | Reached skill level 4 in Armour
  3013 | D:5      | Reached skill level 7 in Crossbows
  3013 | D:5      | Reached XP level 7. HP: 43/56 MP: 3/3
  3246 | D:5      | Reached skill level 4 in Axes
  3246 | D:5      | Reached skill level 5 in Armour
  3668 | D:6      | Reached skill level 3 in Fighting
  3711 | D:6      | Found a white marble altar of Elyvilon.
  3987 | D:6      | Reached skill level 5 in Axes
  4034 | D:6      | Found a staircase to the Ecumenical Temple.
  4257 | D:6      | Reached XP level 8. HP: 27/66 MP: 3/3
  4646 | D:6      | HP: 14/66 [electric eel/bolt of electricity (11)]
  4646 | D:6      | HP: 2/66 [electric eel/bolt of electricity (12)]
  4648 | D:6      | Killed from afar by an electric eel

Vanquished Creatures
  The ghost of hackum the Chopper, an average DgFi (D:4)
  3 sky beasts
  An ogre (D:5)
  A giant frog (D:6)
  A scorpion (D:4)
  An electric eel (D:6)
  A goliath beetle (D:6)
  4 hounds
  2 iguanas
  A crimson imp (D:4)
  A jelly (D:5)
  3 orc wizards (D:5)
  2 orc zombies
  5 adders
  A shadow imp (D:6)
  A giant mite (D:5)
  3 worms
  An ooze (D:4)
  12 orcs
  5 giant cockroaches
  9 hobgoblins
  7 jackals
  3 quokkas
  A ball python (D:2)
  8 bats
  4 giant geckos
  2 giant newts (D:4)
  12 goblins
  8 kobolds
  An orc skeleton (D:4)
  11 rats
116 creatures vanquished.
